 Dungeon Crawl Stone Soup version 0.26-a0-966-gd078a86f14 (console) character file.

Game seed: 16582794158560559261

9331 om the Protected (level 11, -25/141 HPs)
             Began as a Minotaur Berserker on Dec 1, 2020.
             Was a High Priest of Trog.
             Annihilated by a white very ugly thing (34 damage)
             ... on level 10 of the Dungeon on Dec 3, 2020.
             The game lasted 00:19:48 (10791 turns).

om the Protected (Minotaur Berserker)              Turns: 10791, Time: 00:19:48

Health: -25/141    AC: 22    Str: 23    XL:     11   Next: 21%
Magic:  10/10      EV:  8    Int: 10    God:    Trog [*****.]
Gold:   549        SH:  9    Dex: 12    Spells: 10/10 levels left

rFire    . . .     SeeInvis .   A - +3 war axe
rCold    . . .     Faith    +   a - +0 kite shield (curse)
rNeg     . . .     Spirit   .   v - +0 plate armour
rPois    .         Reflect  .   (helmet restricted)
rElec    .         Harm     .   d - +1 cloak
rCorr    .         Rampage  .   (no gloves)
MR       .....                  (no boots)
Stlth    ..........             s - amulet of faith
HPRegen  0.33/turn              g - +6 ring of intelligence
MPRegen  0.12/turn              E - +4 ring of protection

@: berserking (expiring), very quick
A: retaliatory headbutt, horns 2
a: Berserk, Trog's Hand, Brothers in Arms, Renounce Religion


You were on level 10 of the Dungeon.
You worshipped Trog.
Trog was extremely pleased with you.
You visited 2 branches of the dungeon, and saw 11 of its levels.

You collected 568 gold pieces.
You spent 19 gold pieces at shops.

Inventory:

Hand Weapons
 p - a +8 battleaxe
 A - a +3 war axe (weapon)
 I - a +0 hunting sling
Missiles
 J - 23 stones
Armour
 a - a cursed +0 kite shield (worn)
 d - a +1 cloak (worn)
 v - a +0 plate armour (worn)
Jewellery
 g - a +6 ring of intelligence (left hand)
 s - an amulet of faith (around neck)
 C - an uncursed ring of resist corrosion
 E - a +4 ring of protection (right hand)
 F - an uncursed amulet of the acrobat {unknown}
Wands
 l - a wand of disintegration (6)
 q - a wand of polymorph (12)
 t - a wand of enslavement (12)
 w - a wand of flame (21)
Scrolls
 b - a scroll of fog {unknown}
 f - 4 scrolls of teleportation
 i - a scroll of fear {unknown}
 k - 5 scrolls of enchant weapon
 r - a scroll of enchant armour
 x - a scroll of immolation
 y - a scroll of magic mapping {unknown}
 B - 4 scrolls of amnesia
 D - a scroll of blinking
 G - 3 scrolls of remove curse
 H - a scroll of identify
Potions
 c - a potion of ambrosia
 e - 3 potions of might
 h - a potion of flight
 j - a potion of cancellation {unknown}
 m - 2 potions of degeneration
 n - 2 potions of curing {unknown}
 o - a potion of brilliance {unknown}
 u - 2 potions of magic
 z - a potion of resistance {unknown}


   Skills:
 + Level 7.9 Fighting
 - Level 12.0 Axes
 + Level 12.2 Armour
 - Level 8.0 Dodging
 + Level 3.2 Stealth
 * Level 3.0 Shields
 - Level 0.4 Unarmed Combat
 + Level 1.5 Evocations


You had 10 spell levels left.
You didn't know any spells.
Your spell library was empty.

Dungeon Overview and Level Annotations

Branches:
Dungeon (10/15)            Temple (1/1) D:5            Lair (0/6) D:9
    Orc (0/2) D:10

Altars:
Cheibriados
Dithmenos
Elyvilon
Gozag
Kikubaaqudgha
Nemelex Xobeh
Okawaru
Qazlal
Ru
Sif Muna

Shops:
D:7 !   D:9 [   D:10 [(

Annotations:
Temple Prince Ribbit


Innate Abilities, Weirdness & Mutations

You reflexively headbutt those who attack you in melee.
You have a pair of horns on your head.


Message History

The white very ugly thing is severely wounded.
You hit the white very ugly thing.
The white very ugly thing is severely wounded.
The white very ugly thing tail-slaps you.
The white very ugly thing freezes you!!
You slash the white very ugly thing! You headbutt the white very ugly thing.
The white very ugly thing is almost dead.
The white very ugly thing tail-slaps you!
The white very ugly thing freezes you!!
* * * LOW HITPOINT WARNING * * *
You slash the white very ugly thing!
The white very ugly thing is almost dead.
You barely miss the wizard.
You closely miss the white very ugly thing.
The white very ugly thing is almost dead.
You slash the wizard!
The white very ugly thing tail-slaps you!
* * * LOW HITPOINT WARNING * * *
The white very ugly thing freezes you!!
You die...

#........#
##..≈≈≈≈≈## #.#.
#.....÷).####
##..≈≈##### #...
#.#####.....###≈..≈##
###. #.
##.##.##≈≈..## #. #
##.##.##≈≈≈## ## #.
#####...#.##≈≈## [#
###. ..........##.≈##
.!# #(..
###.#...#.#8..8# .?#
#)#. #.##.##.##..##
.≈# #.#< #
#.##.##..## #≈≈# #.#.
#.##.##.@u##≈≈≈# #.#.
#÷##.###≈p≈≈≈≈# #.##
#.##..####≈≈### #.#
#.##.## ####### #.##
#....# #.# #.#>
###..# #####.# #.#.
#..# #.....#######.#.
#..# #...........
#..## #.#.#######.
#...####.# #.#.# ##
#.#......# #.#.#


You could see a white very ugly thing and a wizard.

Vanquished Creatures
  A boulder beetle (D:8)
  Erica (D:8)
  6 ugly things (D:10)
  Maggie (D:7)
  A troll (D:9)
  A meliai zombie (D:8)
  A water moccasin (D:10)
  Purgy (D:3)
  3 orc warriors
  A hornet zombie (D:8)
  An ice beast (D:10)
  4 sky beasts
  4 ogres
  4 phantoms
  2 centaurs
  2 big kobolds
  2 bullfrogs (D:9)
  A wyvern zombie (D:9)
  A scorpion (D:9)
  6 killer bees
  3 electric eels (D:9)
  12 wights
  A quasit (D:8)
  2 jellies (D:8)
  Crazy Yiuf (D:7)
  2 bullfrog skeletons
  7 hounds
  2 centaur skeletons
  A gnoll shaman (D:9)
  3 orc priests
  A centaur zombie (D:8)
  6 orc wizards
  Ijyb (D:3)
  An iguana (D:9)
  4 worker ants
  A hound skeleton (D:5)
  Robin (D:2)
  8 adders
  6 gnolls
  4 shadow imps
  3 white imps
  3 ufetubi
  An adder skeleton (D:5)
  3 worms
  4 dart slugs (D:1)
  6 leopard geckos
  29 orcs
  7 giant cockroaches
  12 goblins
  8 hobgoblins
  10 jackals
  17 kobolds
  6 quokkas
  9 bats
  7 frilled lizards
  2 jackal skeletons
  A quokka skeleton (D:5)
  A quokka zombie (D:8)
  8 rats
248 creatures vanquished.

Vanquished Creatures (collateral kills)
  Harold (D:9)
  A wolf (D:9)
  5 hounds (D:9)
  An iguana (D:9)
  An adder skeleton (D:9)
9 creatures vanquished.

Grand Total: 257 creatures vanquished

Notes
Turn   | Place    | Note
-------+----------+-------------------------------------------
     0 | D:1      | om the Minotaur Berserker began the quest for the Orb.
     0 | D:1      | Reached XP level 1. HP: 19/19 MP: 0/0
    68 | D:1      | Reached XP level 2. HP: 25/27 MP: 1/1
   344 | D:1      | Reached XP level 3. HP: 24/34 MP: 2/2
   538 | D:1      | Reached ** piety under Trog
  1125 | D:2      | Reached XP level 4. HP: 35/41 MP: 3/3
  1127 | D:2      | Reached skill level 5 in Axes
  1272 | D:2      | Noticed Robin
  1282 | D:2      | Reached skill level 5 in Fighting
  1282 | D:2      | Killed Robin
  1283 | D:2      | Reached XP level 5. HP: 48/48 MP: 4/4
  1674 | D:3      | Reached *** piety under Trog
  1675 | D:3      | Reached skill level 1 in Stealth
  1866 | D:3      | Noticed Ijyb
  1872 | D:3      | Killed Ijyb
  1923 | D:3      | Noticed Purgy
  1927 | D:3      | Killed Purgy
  1928 | D:3      | Reached XP level 6. HP: 56/56 MP: 5/5
  3064 | D:4      | Found an iron altar of Okawaru.
  3064 | D:4      | Found a sparkling altar of Nemelex Xobeh.
  3100 | D:4      | Reached XP level 7. HP: 55/62 MP: 6/6
  3172 | D:4      | Found a stormy altar of Qazlal.
  3477 | D:5      | Entered Level 5 of the Dungeon
  3897 | D:5      | Reached **** piety under Trog
  4031 | D:5      | Found a sacrificial altar of Ru.
  4152 | D:5      | Found a staircase to the Ecumenical Temple.
  4160 | D:5      | Noticed Prince Ribbit
  4177 | D:5      | HP: 3/64 [Prince Ribbit (7)]
  4177 | D:5      | HP: 1/64 [Prince Ribbit (2)]
  4189 | Temple   | Entered the Ecumenical Temple
  4416 | D:5      | Found an iron altar of Okawaru.
  4424 | D:5      | Found a shimmering blue altar of Sif Muna.
  4803 | D:6      | Found an opulent altar of Gozag.
  4929 | D:6      | Reached XP level 8. HP: 66/71 MP: 7/7
  4942 | D:6      | Reached skill level 5 in Armour
  5501 | D:7      | Noticed Maggie
  5563 | D:7      | Killed Maggie
  5584 | D:7      | Upgraded the game from 0.26-a0-958-gf3041fb45f to
                  | 0.26-a0-966-gd078a86f14
  5697 | D:7      | Reached ***** piety under Trog
  5700 | D:7      | Reached XP level 9. HP: 79/79 MP: 8/8
  5728 | D:7      | Reached skill level 10 in Axes
  6190 | D:7      | Found Qaplitig's Distillery.
  6260 | D:7      | Found a runed translucent door.
  6261 | D:7      | Noticed Crazy Yiuf
  6268 | D:7      | Killed Crazy Yiuf
  7086 | D:8      | Reached skill level 5 in Dodging
  7163 | D:8      | Noticed a boulder beetle
  7182 | D:8      | Killed a boulder beetle
  7391 | D:8      | Noticed Erica
  7407 | D:8      | Killed Erica
  7408 | D:8      | Reached XP level 10. HP: 75/86 MP: 9/9
  7969 | D:9      | Noticed Harold
  7979 | D:9      | Reached skill level 10 in Armour
  7994 | D:9      | Killed Harold
  8304 | D:9      | Found a staircase to the Lair.
  8670 | D:9      | Found an ancient bone altar of Kikubaaqudgha.
  8769 | D:9      | Received a gift from Trog
  8809 | D:9      | Found a snail-covered altar of Cheibriados.
  8825 | D:9      | Found a shadowy altar of Dithmenos.
  9083 | D:9      | Found Niam's Armour Emporium.
  9641 | D:10     | Entered Level 10 of the Dungeon
  9834 | D:10     | Found Ejonnoet's Weapon Shop.
  9871 | D:10     | Found a staircase to the Orcish Mines.
 10093 | D:10     | Found Uvaizoim's Armour Shop.
 10102 | D:10     | Bought a +0 hunting sling for 19 gold pieces
 10299 | D:10     | Noticed a brown ugly thing
 10299 | D:10     | Noticed a purple ugly thing
 10318 | D:10     | Killed a brown ugly thing
 10483 | D:10     | Noticed a brown ugly thing
 10483 | D:10     | Noticed a cyan ugly thing
 10499 | D:10     | Killed a cyan ugly thing
 10500 | D:10     | Reached skill level 1 in Shields
 10500 | D:10     | Reached XP level 11. HP: 92/92 MP: 10/10
 10617 | D:10     | Noticed a cyan ugly thing
 10634 | D:10     | Killed a cyan ugly thing
 10669 | D:10     | Noticed a red ugly thing
 10687 | D:10     | Killed a red ugly thing
 10688 | D:10     | Reached skill level 1 in Evocations
 10694 | D:10     | Killed a cyan ugly thing
 10699 | D:10     | Killed a red ugly thing
 10780 | D:10     | Noticed a white very ugly thing
 10780 | D:10     | Noticed a wizard
 10791 | D:10     | Annihilated by a white very ugly thing

Illustrated notes

Levels and vault maps discovered:
D:1:      lordsloth_arrival_two_stooges, layout_basic, minmay_tetromino_o2
D:2:      layout_rooms, uniq_robin
D:3:      layout_loops_ring, chequers_serial_rivers_room_b, uniq_purgy,
          uniq_ijyb
D:4:      layout_rooms, old_standard_altar, gammafunk_temple_overflow_wave
D:5:      layout_loops_corners, overflow_temple_1_default, lemuel_crystal_altar,
          minmay_temple_entry_trees, basic_altar, nrook_campfire,
          uniq_prince_ribbit1
D:6:      layout_rooms, grunt_gozag_breadcrumbs
D:7:      layout_rooms, serial_shops, nicolae_shop_behind_doors,
          patterned_corridor, uniq_crazy_yiuf_cottage, uniq_maggie
D:8:      minmay_razor_zed, layout_loops_cross, uniq_erica
D:9:      layout_grid_maze, kennysheep_little_box, lemuel_doored_altar,
          marbit_many_paths, erik_lair_island, serial_shops, nicolae_shop_stone,
          uniq_harold
D:10:     cheibrodos_breeding_chamber, layout_loops_ring, orc_david_3,
          gammafunk_ghost_hive
Temple:   dshaligram_water_room_temple

Skill      XL: |  1  2  3  4  5  6  7  8  9 10 11 |
---------------+----------------------------------+-----
Fighting       | 4 5 6 7 |  7.9
Axes           | 4 5 6 8 9 12 | 12.0
Stealth        | 2 3 |  3.2
Dodging        | 3 4 6 7 8 |  8.0
Armour         | 3 4 6 8 12 | 12.2
Shields        | 1 3 |  3.0
Evocations     | 1 |  1.5
Unarmed Combat | |  0.4

Action                   |  1- 3 |  4- 6 |  7- 9 | 10-12 || total
-------------------------+-------+-------+-------+-------++-------
Melee: Hand axe          |    65 |   116 |    70 |       ||   251
       Headbutt          |    11 |    21 |    45 |    29 ||   106
       War axe           |       |       |   161 |   132 ||   293
       Battleaxe         |       |       |    19 |    46 ||    65
       Unarmed           |       |       |     1 |       ||     1
Invok: Berserk           |     3 |     5 |    10 |     7 ||    25
       Brothers in Arms  |       |       |       |     1 ||     1
Evoke: Wand              |       |       |     1 |       ||     1
  Use: Scroll            |       |     4 |     7 |     2 ||    13
       Potion            |       |       |     5 |       ||     5
 Stab: Sleeping          |     1 |       |       |       ||     1
Armor: Animal skin       |    19 |     1 |       |       ||    20
       Leather armour    |       |     4 |       |       ||     4
       Chain mail        |       |    22 |    63 |       ||    85
       Plate armour      |       |       |    96 |   114 ||   210
Dodge: Dodged            |    48 |    60 |   140 |    60 ||   308
Block: Kite shield       |       |       |       |    27 ||    27

Table legend: (Time is in decaauts)
 A = Elapsed time spent in this place.
 B = Non-inter-level travel time spent in this place.
 C = Inter-level travel time spent in this place.
 D = Time resting spent in this place.
 E = Time spent auto-exploring this place.
 F = Levels seen in this place.
 G = Mean time per level.
                   A        B        C        D        E       F      G
               +--------+--------+--------+--------+--------+-----+--------+
         Total |  11047 |  10379 |    668 |   2408 |   6302 |  11 | 1004.3 |
       Dungeon |  11041 |  10373 |    668 |   2408 |   6302 |  10 | 1104.1 |
        Temple |      6 |      6 |      0 |      0 |      0 |   1 |    6.0 |
               +--------+--------+--------+--------+--------+-----+--------+

Top non-repeatable levels by time:
     D:9: 1749 daAuts
     D:8: 1506 daAuts
     D:3: 1261 daAuts
     D:5: 1251 daAuts
    D:10: 1136 daAuts
     D:1: 1092 daAuts
     D:6: 961 daAuts
     D:7: 892 daAuts
     D:4: 598 daAuts
     D:2: 590 daAuts
  Temple: 6 daAuts
